AoeStats
← BananaPortControl

MegaRandom

509757719Analyzed
3v3 RM · 5d ago on Sep 27, 2026· 78m 44s· 6 players
Game mode
Random Map
Map size
Normal (6 player)
Population
200
Speed
Normal
Resources
Standard
Victory
Conquest
Starting age
Dark Age
Ending age
Imperial Age
RankedLock teamsTeams togetherTeam positionsShared explorationLock speedFull tech treeHidden civsTurbo modeCheats
Victory
Defeat
🇹🇷 Franks · Türkiye
1066
+15
🇹🇷 Saracens · Türkiye
994
+17
🇹🇷 Goths · Türkiye
979
+18
🇲🇽 Franks · Mexico
1070
-18
🇪🇨 Mongols · Ecuador
1021
-16
🇲🇽 Byzantines · Mexico
1017
-16
DRAGONROJO500
0:40 Loom
10:30 Feudal Age
11:55 Wheelbarrow
12:10 Double-Bit Axe
17:57 Castle Age
16:05 Stone Mining
19:24 Hand Cart
20:22 Scale Mail Armor
20:44 Forging
21:16 Fletching
21:56 Squires
23:43 Iron Casting
24:41 Bodkin Arrow
26:02 Husbandry
26:21 Chain Mail Armor
26:46 Gambesons
27:28 Scale Barding Armor
30:13 Gold Mining
30:06 Horse Collar
30:38 Bow Saw
31:02 Murder Holes
31:18 Arson
37:14 Imperial Age
35:36 Chain Barding Armor
35:29 Treadmill Crane
37:04 Heavy Plow
37:41 Gold Shaft Mining
37:42 Stone Shaft Mining
39:17 Plate Barding Armor
38:04 Elite Varangian Guard
40:36 Chemistry
40:16 Bracer
41:17 Logistica
43:04 Ballistics
43:12 Guilds
44:07 Hoardings
44:18 Plate Mail Armor
47:21 Thumb Ring
47:19 Padded Archer Armor
47:26 Elite Skirmisher
49:12 Fortified Wall
51:28 Pikeman
70:01 Leather Archer Armor
75:25 Guard Tower
andy_marcelo2012
3:08 Loom
12:14 Feudal Age
16:39 Castle Age
14:44 Double-Bit Axe
15:42 Bloodlines
16:39 Town Watch
17:43 Fletching
17:53 Padded Archer Armor
18:31 Wheelbarrow
18:27 Bow Saw
19:08 Husbandry
20:23 Ballistics
20:20 Leather Archer Armor
21:24 Horse Collar
21:47 Stone Mining
22:39 Heavy Plow
23:38 Bodkin Arrow
25:58 Gold Mining
28:33 Gold Shaft Mining
31:35 Imperial Age
31:55 Elite Mangudai
33:42 Chemistry
35:21 Bracer
36:29 Capped Ram
38:21 Siege Ram
39:32 Scale Barding Armor
39:38 Forging
46:36 Light Cavalry
59:34 Caravan
63:29 Chain Barding Armor
63:45 Iron Casting
Alanccino
0:43 Loom
1:23 Loom
9:49 Feudal Age
10:19 Double-Bit Axe
14:54 Castle Age
17:03 Town Watch
22:50 Imperial Age
20:56 Wheelbarrow
22:35 Forging
22:31 Scale Barding Armor
23:20 Stone Mining
22:56 Ordonnance Companies
24:24 Iron Casting
27:01 Blast Furnace
29:15 Scale Mail Armor
29:36 Elite Throwing Axeman
30:56 Chain Mail Armor
32:31 Plate Mail Armor
33:02 Cavalier
33:42 Husbandry
35:19 Caravan
34:46 Pikeman
35:11 Gambesons
36:20 Conscription
38:16 Bow Saw
38:22 Arson
38:38 Squires
38:42 Fletching
38:52 Padded Archer Armor
42:02 Elite Skirmisher
45:59 Bodkin Arrow
46:19 Leather Archer Armor
48:20 Coinage
50:55 Light Cavalry
52:38 Man-at-Arms
52:50 Halberdier
Manwë
6:29 Loom
11:38 Feudal Age
15:45 Castle Age
14:53 Double-Bit Axe
15:26 Stone Mining
15:52 Horse Collar
17:26 Wheelbarrow
17:54 Bow Saw
21:34 Hand Cart
26:51 Imperial Age
27:24 Elite Mameluke
29:01 Conscription
29:08 Forging
29:04 Scale Barding Armor
32:14 Iron Casting
32:00 Chain Barding Armor
35:30 Caravan
38:46 Fletching
39:57 Blast Furnace
38:58 Padded Archer Armor
39:34 Plate Barding Armor
39:49 Husbandry
40:00 Bloodlines
42:08 Elite Skirmisher
42:54 Thumb Ring
42:51 Bodkin Arrow
43:11 Leather Archer Armor
48:05 Ballistics
57:43 Bracer
61:54 Ring Archer Armor
76:56 Chemistry
76:51 Coinage
ERKAN TEK
3:40 Loom
12:23 Feudal Age
17:03 Castle Age
19:06 Double-Bit Axe
22:17 Wheelbarrow
24:58 Imperial Age
22:40 Husbandry
24:41 Masonry
24:53 Scale Barding Armor
28:24 Bow Saw
28:37 Forging
30:18 Cavalier
32:28 Hand Cart
31:58 Town Watch
37:46 Elite Skirmisher
41:39 Fletching
41:50 Padded Archer Armor
42:36 Caravan
44:58 Bodkin Arrow
47:54 Conscription
47:25 Light Cavalry
48:30 Leather Archer Armor
49:15 Ballistics
49:56 Chemistry
51:25 Pikeman
54:05 Halberdier
58:28 Scale Mail Armor
59:03 Iron Casting
61:46 Chain Mail Armor
62:31 Blast Furnace
69:49 Gold Mining
69:49 Stone Mining
76:20 Paladin
76:44 Paladin
BananaPortControl
0:37 Loom
11:22 Feudal Age
18:31 Castle Age
18:10 Horse Collar
30:55 Heavy Plow
31:00 Double-Bit Axe
36:43 Forging
36:34 Scale Mail Armor
47:02 Bloodlines
46:52 Husbandry
46:13 Light Cavalry
53:28 Scale Barding Armor
53:58 Iron Casting
53:39 Chain Mail Armor
60:51 Chain Barding Armor
Connection lost

Rejoining the realm…

Still unreachable

The connection could not be restored.

Session expired

The server has moved on; the page needs a fresh start.